 Dungeon Crawl Stone Soup version 0.28-a0-1348-g050f3537b9 (webtiles) character file.

Game seed: 5710884322278143334

2 Cheeritup the Grave Robber (level 1, -3/13 HPs)
             Began as a Vampire Necromancer on Dec 30, 2021.
             Slain by a gnoll (6 damage)
             ... on level 1 of the Dungeon.
             The game lasted 00:01:05 (106 turns).

Cheeritup the Grave Robber (Vampire Necromancer)     Turns: 106, Time: 00:01:06

Health: -3/13      AC:  3    Str:  7    XL:     1   Next: 25%
Magic:  3/3        EV: 11    Int: 17    God:
Gold:   0          SH:  0    Dex: 14    Spells: 2/4 levels left

rFire   . . .      SeeInvis +   e - +0 short sword
rCold   . . .      Faith    .   (no shield)
rNeg    . . .      Spirit   .   b - +0 leather armour
rPois   .          Reflect  .   (no helmet)
rElec   .          Harm     .   (no cloak)
rCorr   .          Rampage  .   (no gloves)
Will    .....                   (no boots)
Stlth   ++........              (no amulet)
HPRegen 0.24/turn               (no ring)
MPRegen 0.08/turn               (no ring)

@: healing quickly
A: alive, fangs 3, see invisible, vampiric 1
a: Exsanguinate


You were on level 1 of the Dungeon.
You visited 1 branch of the dungeon, and saw 1 of its levels.

Inventory:

Hand Weapons
 e - a +0 short sword (weapon)
Armour
 a - a +0 robe
 b - a +0 leather armour (worn)
Scrolls
 c - 2 scrolls of teleportation {unknown}
Potions
 d - 2 potions of attraction {unknown}


   Skills:
 + Level 2.2 Dodging
 + Level 3.1 Stealth
 + Level 2.0 Spellcasting
 + Level 4.4 Necromancy


You had 2 spell levels left.
You knew the following spells:

 Your Spells              Type           Power      Damage    Failure   Level
a - Pain                  Necr           64%        1d7       4%          1
b - Animate Skeleton      Necr           32%        N/A       4%          1

Your spell library contained the following spells:

 Spells                   Type           Power      Damage    Failure   Level
 Vampiric Draining        Necr           16%        2d7       14%         3
 Animate Dead             Necr           8%         N/A       43%         4
 Agony                    Necr           16%        N/A       78%         5


Dungeon Overview and Level Annotations

Branches:
Dungeon (1/15)

Altars:


Innate Abilities, Weirdness & Mutations

Your natural rate of healing is accelerated.
You have razor-sharp teeth.
You have supernaturally acute eyesight. (SInv)
You are afflicted with vampirism.


Message History

Okay, then.
A ball python and a kobold come into view.
A dart slug comes into view.
The ball python writhes in agony.
The ball python writhes in agony.
You kill the ball python!
A dart slug is nearby!
A dart slug is nearby!
You start resting.
HP restored.
You start resting.
Magic restored.
The kobold shouts!
The kobold writhes in agony.
You kill the kobold!
You can't see any susceptible monsters within range! (Use Z to cast anyway.)
You see here a +0 short sword.
e - a +0 short sword
e - a +0 short sword (weapon)
A gnoll comes into view. It is wielding a +0 club.
The gnoll shouts!
You hit the gnoll.
The gnoll is moderately wounded.
A rat comes into view.
The gnoll misses you.
You hit the gnoll.
The gnoll is severely wounded.
The gnoll misses you.
You barely miss the gnoll.
The gnoll is severely wounded.
The gnoll hits you with a +0 club!
Ouch! That really hurt!
You hit the gnoll.
The gnoll is almost dead.
The gnoll hits you with a +0 club.
* * * LOW HITPOINT WARNING * * *
You hit the gnoll but do no damage.
The gnoll is almost dead.
The gnoll hits you with a +0 club.
You die...

#..##.###...#
##.##.......#
#.#####....#
#.#####....######
#.##............#
.........######.#
..##.....# #.#
.###.....# #.# ..
#.....# #@#
####### #g# #r#
..# ..# ...# ..##
...


You could see a gnoll and a rat.

Vanquished Creatures
  A kobold (D:1)
  A ball python (D:1)
2 creatures vanquished.

Notes
Turn   | Place    | Note
-------+----------+-------------------------------------------
     0 | D:1      | Cheeritup the Vampire Necromancer began the quest for the
                  | Orb.
     0 | D:1      | Reached XP level 1. HP: 13/13 MP: 3/3
     2 | D:1      | Learned a level 1 spell: Animate Skeleton
   106 | D:1      | Slain by a gnoll

Illustrated notes

Levels and vault maps discovered:
D:1:      heliophobic_arrival_dark_side_of_the_moon, layout_basic, serial_shops,
          shop, grunt_decor_junction, supply_closet_lemuel

Action                   || total
-------------------------++-------
Melee: Short sword       ||     5
 Cast: Pain              ||     3
Dodge: Dodged            ||     2

Table legend: (Time is in decaauts)
 A = Elapsed time spent in this place.
 B = Non-inter-level travel time spent in this place.
 C = Inter-level travel time spent in this place.
 D = Time resting spent in this place.
 E = Time spent auto-exploring this place.
 F = Levels seen in this place.
 G = Mean time per level.
                   A        B        C        D        E       F      G
               +--------+--------+--------+--------+--------+-----+--------+
         Total |    105 |    105 |      0 |     22 |     21 |   1 |  105.0 |
       Dungeon |    105 |    105 |      0 |     22 |     21 |   1 |  105.0 |
               +--------+--------+--------+--------+--------+-----+--------+

Top non-repeatable levels by time:
     D:1: 105 daAuts
